[Event "Titled Tuesday Blitz December 06 Early 2022"]
[White "Rustemov, Alexander"]
[Black "Xie, Bryan"]
[WhiteFideId "4119002"]
[BlackFideId "30941296"]
[WhiteElo "2805"]
[BlackElo "2033"]
[Result "1-0"]
[Round "01"]
[TimeControl "180+1"]
[Date "2022.12.07"]
[WhiteClock "0:00:11"]
[BlackClock "0:00:02"]

1. d4 d5 2. c4 e6 3. Nc3 Bb4 4. cxd5 exd5 5. Qa4+ Nc6 6. Nf3 Ne7 7. Bf4 O-O 8. e3 Bf5 9. Be2 a6 10. O-O Bxc3 11. bxc3 b5 12. Qa3 Nc8 13. Qc5 Qd7 14. a4 bxa4 15. Rxa4 Ne5 16. Ra5 Nxf3+ 17. Bxf3 c6 18. Rfa1 Bd3 19. h3 f5 20. Bd1 Ne7 21. Bd6 Rfe8 22. Ba4 Bb5 23. Bxb5 cxb5 24. Bxe7 Rxe7 25. Rxb5 Rc8 26. Qxd5+ Qxd5 27. Rxd5 Rxc3 28. Rxa6 g6 29. g3 Kg7 30. Rad6 Kh6 31. Rd7 Re6 32. R5d6 Re4 33. Rf6 Kg5 34. Rff7 h6 35. Kg2 Rc2 36. Rfe7 Rxe7 37. Rxe7 Rd2 38. Re6 Kh5 39. Kf3 Kg5 40. g4 fxg4+ 41. hxg4 h5 42. Re5+ Kf6 43. gxh5 g5 44. Ra5 g4+ 45. Kg3 Rxf2 46. Kxf2 g3+ 47. Kxg3 1-0


[Site "https://www.chess.com"]

[Event "Titled Tuesday Blitz December 06 Early 2022"]
[White "Sadilek, Peter"]
[Black "Salinas Herrera, Pablo"]
[WhiteFideId "1616439"]
[BlackFideId "3407128"]
[WhiteElo "2227"]
[BlackElo "2557"]
[Result "1-0"]
[Round "01"]
[TimeControl "180+1"]
[Date "2022.12.07"]
[WhiteClock "0:00:17"]
[BlackClock "0:01:17"]

1. d4 d5 2. Nf3 Nf6 3. c4 dxc4 4. e3 e6 5. Bxc4 a6 6. O-O b5 7. Bb3 Bb7 8. Nc3 Nbd7 9. e4 Nxe4 10. Nxe4 Bxe4 11. Ng5 Bg6 12. d5 e5 13. f4 Bc5+ 14. Kh1 O-O 15. f5 Be7 16. fxg6 Bxg5 17. Qh5 h6 18. d6 Nf6 19. Bxf7+ Kh8 20. Bxg5 Nxh5 21. Bxd8 Raxd8 22. dxc7 Rc8 23. Rac1 Nf4 24. g3 Nd3 25. Rc3 e4 26. Kg2 b4 27. Rc4 Ne5 28. Rxe4 Nd7 29. Be6 Rxf1 30. Kxf1 Nc5 31. Bxc8 Nxe4 32. Bf5 Nd6 33. c8=Q+ Nxc8 34. Bxc8 a5 35. Be6 h5 36. Bf7 h4 37. gxh4 a4 38. Be8 a3 39. bxa3 bxa3 40. Ba4 Kg8 41. Bb3+ Kf8 42. Bc4 Ke7 43. Kg2 Kf6 44. Kg3 Kxg6 45. h3 Kf6 46. Kg4 Kg6 47. h5+ Kh6 48. Kh4 Kh7 49. Bd3+ Kh8 50. Bc2 Kg8 51. Kg5 Kh8 52. h4 Kg8 53. Kg6 Kh8 54. h6 gxh6 55. Kxh6 Kg8 56. Kg5 Kg7 57. Kf4 Kh6 58. Kg4 Kg7 59. h5 Kh6 60. Kh4 Kg7 61. Kg5 Kh8 62. h6 Kg8 63. h7+ Kg7 64. Kf4 Kh8 65. Ke3 Kg7 66. Kd4 Kh8 67. Kc3 Kg7 68. Kb4 1-0


[Site "https://www.chess.com"]

[Event "Titled Tuesday Blitz December 06 Early 2022"]
[White "Sailer, Mike"]
[Black "Terzi, Alexei"]
[WhiteFideId "2012901"]
[BlackFideId "13505076"]
[WhiteElo "2109"]
[BlackElo "2172"]
[Result "0-1"]
[Round "01"]
[TimeControl "180+1"]
[Date "2022.12.07"]
[WhiteClock "0:00:22"]
[BlackClock "0:00:29"]

1. Nf3 c5 2. c4 g6 3. g3 Nc6 4. Bg2 Bg7 5. O-O Nf6 6. d4 cxd4 7. Nxd4 O-O 8. Nc3 Qa5 9. Nb3 Qh5 10. e4 d6 11. Qxh5 Nxh5 12. Bg5 Bxc3 13. bxc3 f6 14. Be3 Ne5 15. c5 dxc5 16. Bxc5 Re8 17. Rad1 b6 18. Ba3 Ba6 19. Rfe1 Rac8 20. Re3 Nc4 21. Bc1 Nxe3 22. Bxe3 Rxc3 23. h3 Bc4 24. Nd4 Ng7 25. Nc6 Be2 0-1


[Site "https://www.chess.com"]

[Event "Titled Tuesday Blitz December 06 Early 2022"]
[White "Sarana, Alexey"]
[Black "Saravana, Krishnan P."]
[WhiteFideId "24133795"]
[BlackFideId "5018382"]
[WhiteElo "2708"]
[BlackElo "2190"]
[Result "1-0"]
[Round "01"]
[TimeControl "180+1"]
[Date "2022.12.06"]
[WhiteClock "0:00:52"]
[BlackClock "0:00:09"]

1. d4 Nf6 2. c4 c5 3. d5 b5 4. cxb5 a6 5. e3 d6 6. Nc3 g6 7. a4 Bg7 8. Bc4 O-O 9. Nge2 Bb7 10. O-O Nbd7 11. e4 Nb6 12. Bd3 axb5 13. Bxb5 e6 14. dxe6 fxe6 15. e5 dxe5 16. Qxd8 Rfxd8 17. Be3 Rac8 18. a5 Nbd5 19. a6 Ba8 20. Bc4 Rb8 21. Nb5 Bf8 22. Bg5 Be7 23. Nec3 Kg7 24. Rfe1 h6 25. a7 Rbc8 26. Bxd5 exd5 27. Rxe5 Rd7 28. Rae1 Bd8 29. Bh4 d4 30. Na4 Rb7 31. Nd6 Rxa7 32. Nxc5 Rc6 33. Ne6+ 1-0


[Site "https://www.chess.com"]

[Event "Titled Tuesday Blitz December 06 Early 2022"]
[White "Sargissyan, Sargis"]
[Black "Mgeladze, Tamaz"]
[WhiteFideId "13303210"]
[BlackFideId "13601202"]
[WhiteElo "2109"]
[BlackElo "2288"]
[Result "1-0"]
[Round "01"]
[TimeControl "180+1"]
[Date "2022.12.07"]
[WhiteClock "0:00:09"]
[BlackClock "0:00:09"]

1. e4 c5 2. Nf3 g6 3. c3 Nf6 4. e5 Nd5 5. d4 cxd4 6. cxd4 d6 7. Bc4 dxe5 8. dxe5 Be6 9. O-O Nc6 10. Qe2 Qb6 11. Rd1 Rd8 12. Ng5 Bg7 13. Nxe6 fxe6 14. Nc3 Nxc3 15. bxc3 Rxd1+ 16. Qxd1 Nxe5 17. Be3 Qc6 18. Bb3 Kf7 19. Bd4 Rd8 20. Qe2 Nd7 21. Re1 Nf8 22. Bxg7 Kxg7 23. Qe5+ Kf7 24. h4 Qd6 25. Qe3 Qb6 26. Qf4+ Kg7 27. h5 gxh5 28. Qg5+ Ng6 29. Rxe6 Qc7 30. g3 Rd6 31. Re1 Rf6 32. Re2 Qd6 33. Kg2 h4 34. Bc2 hxg3 35. fxg3 Re6 36. Rf2 Qc6+ 37. Kh2 Qxc3 38. Bb3 Rf6 39. Re2 Qc7 40. Qe3 e5 41. Qe4 Qe7 42. Qd5 Rd6 43. Qg8+ Kh6 44. Rf2 Rd4 45. Rf7 Rh4+ 46. Kg2 Qc5 47. Qxh7+ Kg5 48. gxh4+ Nxh4+ 49. Kf1 Qc1+ 50. Ke2 Qb2+ 51. Qc2 Qxc2+ 52. Bxc2 Ng6 53. Kd2 Nf4 54. Rxb7 e4 55. Rxa7 Nd5 56. Bxe4 Nf6 57. Ra5+ Kf4 58. a3 Nxe4+ 59. Kc2 Nf2 60. Kb3 Ke4 61. Rc5 Kd4 62. Rc8 Kd5 63. Kb4 Ne4 64. Rc1 Kd6 65. a4 Kd7 66. a5 Nf2 67. Rc3 Nd1 68. Rd3+ Kc6 69. Rxd1 Kb7 70. Rc1 Ka6 71. Ka4 Ka7 72. Kb5 Ka8 73. a6 Kb8 74. Kb6 Ka8 75. Rc8# 1-0


[Site "https://www.chess.com"]

[Event "Titled Tuesday Blitz December 06 Early 2022"]
[White "Schekachikhin, Maksim"]
[Black "Simonovic, Miroslav"]
[WhiteFideId "24177830"]
[BlackFideId "919152"]
[WhiteElo "2272"]
[BlackElo "2057"]
[Result "0-1"]
[Round "01"]
[TimeControl "180+1"]
[Date "2022.12.07"]
[WhiteClock "0:00:40"]
[BlackClock "0:00:19"]

1. c4 c5 2. Nf3 Nc6 3. Nc3 e5 4. e3 g6 5. d4 cxd4 6. exd4 d6 7. Bg5 Be7 8. Bxe7 Qxe7 9. Nd5 Qd8 10. Be2 Be6 11. O-O Bxd5 12. cxd5 Nxd4 13. Nxd4 exd4 14. Qxd4 Qf6 15. Bb5+ Kf8 16. Qb4 a6 17. Ba4 b5 18. Bb3 Kg7 19. a4 Rb8 20. Rfc1 Ne7 21. a5 Rhc8 22. Qd2 Nf5 23. Bd1 Qd4 24. Qxd4+ Nxd4 25. Kf1 Rc5 26. Rxc5 dxc5 27. Rc1 c4 28. Be2 Rd8 29. Rd1 Rxd5 30. Bf3 Rd6 31. Bb7 Kf6 32. Bxa6 Rxa6 33. Rxd4 Rxa5 34. Rd5 Ke6 35. Rc5 Kd6 36. Rc8 Ra1+ 0-1


[Site "https://www.chess.com"]

[Event "Titled Tuesday Blitz December 06 Early 2022"]
[White "Shapiro, Daniel"]
[Black "Sagita, Catur Adi"]
[WhiteFideId "2001780"]
[BlackFideId "7104618"]
[WhiteElo "2311"]
[BlackElo "2232"]
[Result "0-1"]
[Round "01"]
[TimeControl "180+1"]
[Date "2022.12.07"]
[WhiteClock "0:02:07"]
[BlackClock "0:01:54"]

1. d4 Nf6 2. c4 e6 3. g3 d5 4. Nf3 dxc4 5. Bg2 Bd7 6. O-O Bc6 7. Ne5 Bxg2 8. Nc6 Nxc6 9. Kxg2 Qxd4 10. Nd2 O-O-O 11. a3 Bc5 12. Qc2 Qd5+ 13. Kg1 Nd4 14. Qxc4 Qxc4 15. Nxc4 Nxe2+ 16. Kg2 Nxc1 17. Raxc1 Bb6 18. Ne5 Rhf8 0-1


[Site "https://www.chess.com"]

[Event "Titled Tuesday Blitz December 06 Early 2022"]
[White "Sharafiev, Azat"]
[Black "Samaganova, Aleksandra"]
[WhiteFideId "4186214"]
[BlackFideId "13800221"]
[WhiteElo "2350"]
[BlackElo "1864"]
[Result "1-0"]
[Round "01"]
[TimeControl "180+1"]
[Date "2022.12.07"]
[WhiteClock "0:00:29"]
[BlackClock "0:00:37"]

1. Nf3 c5 2. e4 e6 3. d4 cxd4 4. Nxd4 a6 5. g3 Qc7 6. Bg2 Nf6 7. O-O Nc6 8. c4 Be7 9. Nc3 O-O 10. b3 Rb8 11. Bb2 Nxd4 12. Qxd4 b5 13. e5 Ne8 14. cxb5 axb5 15. Ne4 Bb7 16. Rfc1 Qa5 17. a4 bxa4 18. Rxa4 Qb5 19. Nf6+ Bxf6 20. exf6 Nxf6 21. Rc5 Qb6 22. Qxf6 gxf6 23. Rg4+ Kh8 24. Bxf6# 1-0


[Site "https://www.chess.com"]

[Event "Titled Tuesday Blitz December 06 Early 2022"]
[White "Silva, Kaua Marques"]
[Black "Wong, Yinn Long"]
[WhiteFideId "22701168"]
[BlackFideId "5707684"]
[WhiteElo "2083"]
[BlackElo "2271"]
[Result "0-1"]
[Round "01"]
[TimeControl "180+1"]
[Date "2022.12.07"]
[WhiteClock "0:00:14"]
[BlackClock "0:00:51"]

1. e4 c5 2. Nf3 Nc6 3. d4 cxd4 4. Nxd4 Qb6 5. Nb3 Nf6 6. Nc3 e6 7. Be2 a6 8. O-O Qc7 9. Kh1 b5 10. f4 b4 11. Na4 Nxe4 12. Bf3 Nf6 13. f5 Be7 14. Bf4 e5 15. Bg3 d6 16. c3 a5 17. Rc1 Bb7 18. Bf2 O-O 19. Nb6 Ra6 20. cxb4 axb4 21. Nd5 Nxd5 22. Bxd5 Qd7 23. Be1 Bg5 24. Rc4 Rxa2 25. h4 Bf6 26. Qf3 e4 27. Qxe4 Re8 28. Qf3 Ne5 29. Qg3 Bxd5 30. Rxb4 Nc6 31. Rb5 Bc4 0-1


[Site "https://www.chess.com"]

[Event "Titled Tuesday Blitz December 06 Early 2022"]
[White "Sjugirov, Sanan"]
[Black "Stijve, Theo"]
[WhiteFideId "4189302"]
[BlackFideId "1331132"]
[WhiteElo "2613"]
[BlackElo "2256"]
[Result "1-0"]
[Round "01"]
[TimeControl "180+1"]
[Date "2022.12.06"]
[WhiteClock "0:01:28"]
[BlackClock "0:00:16"]

1. e4 c5 2. Nf3 e6 3. d3 d5 4. Qe2 Nc6 5. g3 Be7 6. Bg2 Nf6 7. O-O O-O 8. e5 Nd7 9. c4 b6 10. Bf4 Bb7 11. Nc3 d4 12. Ne4 h6 13. h4 f5 14. exf6 Nxf6 15. Nxf6+ Rxf6 16. Ne5 Rc8 17. Ng4 Rxf4 18. Qxe6+ Rf7 19. Bd5 Qe8 20. Nxh6+ gxh6 21. Qg6+ Kh8 22. Bxf7 Qf8 23. Rae1 Rd8 24. Re6 Qg7 25. Qh5 Rf8 26. Rxh6+ 1-0


[Site "https://www.chess.com"]

[Event "Titled Tuesday Blitz December 06 Early 2022"]
[White "Skibbe, Willi"]
[Black "Piesik, Piotr"]
[WhiteFideId "4682190"]
[BlackFideId "1136194"]
[WhiteElo "2361"]
[BlackElo "2316"]
[Result "0-1"]
[Round "01"]
[TimeControl "180+1"]
[Date "2022.12.07"]
[WhiteClock "0:00:59"]
[BlackClock "0:00:18"]

1. c4 g6 2. d4 Bg7 3. e4 d6 4. Nc3 Nc6 5. Nge2 Nf6 6. f3 O-O 7. Be3 e5 8. d5 Ne7 9. Qd2 Nd7 10. Nc1 f5 11. Nd3 Nf6 12. O-O-O fxe4 13. Nxe4 Nf5 14. Bf2 Qe8 15. g4 Nxe4 16. fxe4 Nd4 17. h3 Bd7 18. Be3 c6 19. dxc6 Bxc6 20. Bg2 Rc8 21. Kb1 Nf3 22. Bxf3 Rxf3 23. Nf2 Rxf2 24. Qxf2 Bxe4+ 25. Ka1 Bxh1 26. Rxh1 Rxc4 27. Bxa7 e4 28. Rd1 Qc6 29. Kb1 Rb4 30. Bd4 Bxd4 31. Rxd4 Qc5 32. Qf6 Qxd4 33. Qd8+ Kf7 34. Qd7+ Kf6 35. Qd8+ Ke5 36. Qe7+ Kf4 37. Qf8+ Kg3 0-1


[Site "https://www.chess.com"]

[Event "Titled Tuesday Blitz December 06 Early 2022"]
[White "Slovineanu"]
[Black "Gulevich, Artem"]
[BlackFideId "24119580"]
[WhiteElo "2200"]
[BlackElo "2218"]
[Result "1-0"]
[Round "01"]
[TimeControl "180+1"]
[Date "2022.12.07"]
[WhiteClock "0:00:05"]
[BlackClock "0:00:06"]

1. d4 d5 2. Nf3 Nf6 3. c4 c6 4. e3 e6 5. Nbd2 Bd6 6. Bd3 Nbd7 7. O-O O-O 8. e4 dxe4 9. Nxe4 Nxe4 10. Bxe4 h6 11. Bc2 e5 12. b3 f5 13. dxe5 Nxe5 14. Bb2 Nxf3+ 15. Qxf3 Qc7 16. h3 Be6 17. Rfe1 Rae8 18. Re2 Bc8 19. Rae1 Rxe2 20. Qxe2 Bd7 21. Qf3 Bc5 22. Qc3 Bc8 23. b4 Bd6 24. c5 Bh2+ 25. Kh1 Bf4 26. Bb3+ Kh7 27. a3 Bg5 28. Qf3 a5 29. Qe2 axb4 30. axb4 b6 31. Be6 Bxe6 32. Qxe6 bxc5 33. bxc5 Kh8 34. Qd6 Qxd6 35. cxd6 Rd8 36. Be5 Kg8 37. f4 Bf6 38. Rc1 Rc8 39. g4 fxg4 40. hxg4 Kf7 41. Kg2 Bxe5 42. fxe5 Ke6 43. Re1 c5 44. Kf3 c4 45. Ke4 c3 46. Rc1 Rc4+ 47. Kd3 Rc5 48. Rxc3 Rxe5 49. Rc7 Rd5+ 50. Ke4 g5 51. Rh7 Rxd6 52. Rxh6+ Ke7 53. Rxd6 Kxd6 54. Kf5 Ke7 55. Kxg5 Kf7 56. Kh6 Kg8 57. Kg6 1-0


[Site "https://www.chess.com"]

[Event "Titled Tuesday Blitz December 06 Early 2022"]
[White "Suduvasachmatai"]
[Black "Decuigniere, Tom"]
[BlackFideId "26093820"]
[WhiteElo "1862"]
[BlackElo "2288"]
[Result "0-1"]
[Round "01"]
[TimeControl "180+1"]
[Date "2022.12.07"]
[WhiteClock "0:00:11"]
[BlackClock "0:00:07"]

1. e4 c5 2. c3 Nf6 3. e5 Nd5 4. d4 cxd4 5. cxd4 Nc6 6. Nf3 g6 7. Bc4 Nb6 8. Bb3 Bg7 9. O-O O-O 10. Nc3 d6 11. exd6 Qxd6 12. h3 Nxd4 13. Nxd4 Qxd4 14. Be3 Qxd1 15. Raxd1 Bf5 16. Bxb6 axb6 17. Nd5 Rae8 18. Nxb6 Bxb2 19. Nd7 Bxd7 20. Rxd7 b6 21. Rfd1 Ba3 22. Rb7 Bc5 23. Rd3 Rd8 24. Rdd7 Rxd7 25. Rxd7 Rc8 26. g3 Kf8 27. Rb7 Rd8 28. Kg2 Rd2 29. Rb8+ Kg7 30. Kh1 Rxf2 31. h4 h5 32. Rb7 e5 33. Kg1 Rxa2+ 34. Kh1 Rf2 35. Bd5 Rf6 36. Kg2 Rf2+ 37. Kh3 Kf8 38. g4 hxg4+ 39. Kxg4 Rf4+ 40. Kg5 Kg7 41. h5 Rf5+ 42. Kg4 Rf4+ 43. Kg5 Rf5+ 44. Kg4 Rxh5 45. Rxf7+ Kh6 46. Rf6 Rg5+ 47. Kh4 Be7 48. Re6 Bd8 49. Kh3 Rh5+ 50. Kg2 Rg5+ 51. Kf3 Rf5+ 52. Ke3 Bf6 53. Re8 Kg5 54. Be4 Rf4 55. Rg8 Be7 56. Rxg6+ Kh5 57. Rg7 Bc5+ 58. Kd3 Kh4 59. Rh7+ Kg3 60. Rg7+ Kf2 61. Rg2+ Kf1 62. Rc2 Bd4 63. Bg2+ Kg1 64. Be4 Rh4 65. Rc1+ Kh2 66. Rh1+ Kg3 67. Rxh4 Kxh4 68. Kc4 Kg3 69. Kd5 Kf4 70. Bd3 Ke3 71. Bf1 e4 72. Kc4 Bc5 73. Kd5 Kf4 74. Be2 e3 75. Kc4 Kg3 76. Kd3 Kf2 77. Bh5 b5 78. Kc3 b4+ 79. Kc4 e2 80. Bxe2 Kxe2 81. Kb3 Kd3 82. Kb2 Kc4 83. Kc2 b3+ 84. Kb2 Bd4+ 85. Kb1 Kc3 86. Kc1 b2+ 87. Kb1 Be5 88. Ka2 Kc2 89. Ka3 b1=Q 90. Ka4 Kc3 91. Ka5 Kc4 92. Ka6 Kc5 93. Ka7 Kc6 94. Ka8 Qb7# 0-1


[Site "https://www.chess.com"]

[Event "Titled Tuesday Blitz December 06 Early 2022"]
[White "Tarnowska, Aleksandra"]
[Black "Bagrationi, Alexander"]
[WhiteFideId "1180967"]
[BlackFideId "14104954"]
[WhiteElo "1776"]
[BlackElo "2398"]
[Result "0-1"]
[Round "01"]
[TimeControl "180+1"]
[Date "2022.12.07"]
[WhiteClock "0:00:06"]
[BlackClock "0:00:11"]

1. e4 c5 2. Nf3 Nc6 3. Bb5 g6 4. O-O Bg7 5. c3 e5 6. d3 Nge7 7. Re1 O-O 8. Nbd2 d6 9. h3 h6 10. Nf1 Kh7 11. Ng3 f5 12. exf5 Nxf5 13. Nxf5 gxf5 14. Nh2 Qe8 15. d4 cxd4 16. cxd4 Qg6 17. Bxc6 bxc6 18. dxe5 dxe5 19. Nf3 e4 20. Nh4 Qf6 21. Qh5 Bd7 22. g3 Be8 23. Qe2 Rg8 24. Ng2 Bf7 25. Nf4 Qe5 26. Rb1 Bf8 27. Kh1 Rd8 28. Bd2 Bxa2 29. Bc3 Qc5 30. Ra1 Bc4 31. Qh5 Rg5 32. Qh4 Qxf2 33. Red1 Qf3+ 34. Kh2 Rxd1 35. Rxa7+ Bg7 36. Nh5 Rh1# 0-1


[Site "https://www.chess.com"]

[Event "Titled Tuesday Blitz December 06 Early 2022"]
[White "Tay, Junior"]
[Black "Tarlabasi, Emirhan"]
[WhiteFideId "5800439"]
[BlackFideId "6350275"]
[WhiteElo "2216"]
[BlackElo "2200"]
[Result "1-0"]
[Round "01"]
[TimeControl "180+1"]
[Date "2022.12.07"]
[WhiteClock "0:01:58"]
[BlackClock "0:00:26"]

1. e4 c5 2. Nf3 e6 3. d4 cxd4 4. Bg5 Qb6 5. Qxd4 Bc5 6. Qxg7 Bxf2+ 7. Ke2 h6 8. Qxh8 hxg5 9. Qxg8+ Ke7 10. Qxg5+ Ke8 11. Ne5 f6 12. Qg8+ Ke7 13. Qf7+ Kd6 14. Nc4+ 1-0


[Site "https://www.chess.com"]

[Event "Titled Tuesday Blitz December 06 Early 2022"]
[White "Tsyhanchuk, Stanislav"]
[Black "Gabdrakhmanov, Azat"]
[WhiteFideId "13505130"]
[BlackFideId "34189197"]
[WhiteElo "2173"]
[BlackElo "2254"]
[Result "1-0"]
[Round "01"]
[TimeControl "180+1"]
[Date "2022.12.07"]
[WhiteClock "0:00:53"]
[BlackClock "0:00:05"]

1. e4 c5 2. Nf3 e6 3. c4 d6 4. d4 cxd4 5. Nxd4 Nf6 6. Nc3 Be7 7. Be3 O-O 8. f3 a6 9. Qd2 b6 10. Be2 Bb7 11. O-O Nbd7 12. b4 Rc8 13. Nb3 Qc7 14. Rac1 Qb8 15. a3 Bd8 16. g4 Bc7 17. g5 Ne8 18. f4 Qa8 19. Bf3 g6 20. Qg2 Ng7 21. h4 f5 22. exf5 Bxf3 23. Qxf3 Nxf5 24. Qxa8 Rxa8 25. Bf2 Rfb8 26. Ne4 Bd8 27. Rfd1 Be7 28. Nd4 Nxd4 29. Rxd4 Kf7 30. Nxd6+ Bxd6 31. Rxd6 Nf8 32. Rxb6 Rd8 33. Rb7+ Kg8 34. c5 Rac8 35. c6 e5 36. fxe5 Ne6 37. a4 Nf4 38. Kf1 Nd3 39. Rc2 Nxe5 40. c7 Rf8 41. b5 axb5 42. axb5 Ra8 43. b6 Nd3 44. Kg2 Nf4+ 45. Kh2 Nd3 46. Bg3 Rae8 47. Rb8 1-0


[Site "https://www.chess.com"]

[Event "Titled Tuesday Blitz December 06 Early 2022"]
[White "Urbina Perez, Juan Antonio"]
[Black "Boros, Denes"]
[WhiteFideId "2217368"]
[BlackFideId "722340"]
[WhiteElo "2197"]
[BlackElo "2464"]
[Result "1-0"]
[Round "01"]
[TimeControl "180+1"]
[Date "2022.12.07"]
[WhiteClock "0:00:13"]
[BlackClock "0:00:01"]

1. d4 g6 2. e4 d5 3. e5 c5 4. c3 Nc6 5. h3 Nh6 6. Nf3 Qb6 7. dxc5 Qxc5 8. Be3 Qa5 9. Nbd2 Nf5 10. Bf4 h5 11. Nb3 Qc7 12. Bd3 Bh6 13. Bxh6 Nxh6 14. Qe2 g5 15. Nbd4 g4 16. hxg4 Bxg4 17. Nxc6 bxc6 18. O-O-O Rb8 19. Rde1 Qa5 20. a3 e6 21. Qc2 c5 22. Nh2 c4 23. Bh7 Bf5 24. Bxf5 Nxf5 25. g4 Ne7 26. gxh5 Rxh5 27. Ng4 Rxh1 28. Rxh1 Kd7 29. Nf6+ Kc6 30. Rh7 Rf8 31. Qd2 Nf5 32. f4 Qb6 33. Kb1 Qg1+ 34. Ka2 Qf1 35. Qc2 Kb5 36. a4+ Ka6 37. a5 Qg1 38. Qa4 Qc5 39. Nd7 Qxa5 40. Qxa5+ Kxa5 41. Nxf8 d4 42. cxd4 Nxd4 43. Rxf7 Nc6 44. Rc7 Nb4+ 45. Kb1 Nd5 46. Rxa7+ Kb6 47. Ra8 Nxf4 48. Re8 Kc6 49. Nxe6 Nd5 50. Rc8+ Kd7 51. Rxc4 Kxe6 52. Re4 Nb6 53. Re1 Na4 54. Ka2 Nc5 55. Ka3 Nd3 56. Re3 Nf4 57. Ka4 Nd5 58. Re1 Nb6+ 59. Kb5 Nd5 60. b4 Ne7 61. Ka6 Nf5 62. b5 Nd4 63. b6 Nf3 64. Re3 Nd2 65. b7 Ne4 66. b8=Q Nc3 67. Ka7 Nb1 68. Qc8+ Kd5 69. Qb7+ Kd4 70. Qxb1 Kxe3 71. e6 Kd4 72. e7 Kc3 73. e8=Q Kd4 74. Qeb8 Kc4 75. Q8b4+ Kd5 76. Q1b3+ Kc6 77. Q3a4+ Kd5 78. Qab5+ Ke6 79. Q4c5 Kf7 80. Qcc6 Kg7 81. Qbb7+ 1-0


[Site "https://www.chess.com"]

[Event "Titled Tuesday Blitz December 06 Early 2022"]
[White "Valle Maytin, Luis Enrique"]
[Black "Tanenbaum, Zachary"]
[WhiteFideId "3503666"]
[BlackFideId "2060850"]
[WhiteElo "2225"]
[BlackElo "2175"]
[Result "0-1"]
[Round "01"]
[TimeControl "180+1"]
[Date "2022.12.07"]
[WhiteClock "0:00:10"]
[BlackClock "0:00:21"]

1. e4 e5 2. Nf3 Nc6 3. Bb5 a6 4. Ba4 d6 5. O-O Nf6 6. Re1 Be7 7. c3 O-O 8. d4 b5 9. Bc2 Bg4 10. h3 Bxf3 11. gxf3 Nh5 12. Kh2 Bg5 13. Rg1 Bxc1 14. Qxc1 Qh4 15. Rg2 Nf4 16. Rg3 exd4 17. Qg1 g6 18. Nd2 Qf6 19. Qf1 dxc3 20. Nb3 cxb2 21. Rb1 Ne5 22. Nd2 c5 23. Qe1 c4 24. Qe3 c3 25. Nb3 Rac8 26. Rbg1 Nc4 27. Qe1 Na3 28. Qd1 Rfe8 29. Rg5 Re5 30. R5g4 Rh5 31. R1g3 b1=Q 32. Bxb1 c2 33. Bxc2 Rxc2 34. Qe1 Nd3 35. Qe3 Nxf2 36. Rf4 Qxf4 37. Qxf4 Nxh3+ 38. Qd2 Rxd2+ 39. Nxd2 Nf4+ 40. Kg1 Ne2+ 41. Kf2 Nxg3 42. Kxg3 d5 43. Nb3 dxe4 44. fxe4 Nc4 45. Kf4 f6 46. Nd4 Kf7 47. Nc6 Rh4+ 48. Kf3 Ne5+ 49. Kg3 Rxe4 0-1


[Site "https://www.chess.com"]

[Event "Titled Tuesday Blitz December 06 Early 2022"]
[White "Vidit, Santosh Gujrathi"]
[Black "Aggelis, Nikolaos"]
[WhiteFideId "5029465"]
[BlackFideId "4213220"]
[WhiteElo "2669"]
[BlackElo "2189"]
[Result "1/2-1/2"]
[Round "01"]
[TimeControl "180+1"]
[Date "2022.12.06"]
[WhiteClock "0:00:16"]
[BlackClock "0:00:11"]

1. d4 d5 2. c4 c6 3. Nf3 Nf6 4. e3 g6 5. Nc3 Bg7 6. Be2 O-O 7. O-O b6 8. b3 e6 9. Ba3 Re8 10. Rc1 Bb7 11. Ne5 Nbd7 12. f4 Rc8 13. Bf3 Bf8 14. Bxf8 Rxf8 15. Qd2 Qe7 16. Rfd1 Rfd8 17. Qf2 Kg7 18. Qh4 Ng8 19. Qf2 h5 20. e4 Ngf6 21. Nxd7 Rxd7 22. e5 Ng8 23. cxd5 cxd5 24. Nb5 Nh6 25. Nd6 Rxc1 26. Rxc1 Nf5 27. Nxf5+ exf5 28. Qc2 Rd8 29. Qc7 Rd7 30. Qb8 a5 31. e6 Qxe6 32. Kf2 Re7 33. Qe5+ Qxe5 34. dxe5 f6 35. exf6+ Kxf6 36. Rd1 Rd7 37. Rd2 Ke6 38. Ke3 Kd6 39. Kd4 Re7 40. Rc2 Bc6 41. Rc1 Re6 42. Rxc6+ Kxc6 43. Bxd5+ Kd6 44. Bxe6 Kxe6 45. Kc4 Kd6 46. Kb5 Kc7 47. a3 Kb7 48. Kc4 Kc6 49. a4 h4 50. h3 Kd6 51. Kb5 Kc7 52. b4 axb4 53. Kxb4 Kc6 54. Kc4 Kd6 55. Kd4 Kc6 56. Ke5 Kc5 57. Kf6 Kb4 58. Kxg6 Kxa4 59. Kxf5 b5 60. Kg6 b4 61. f5 b3 62. f6 b2 63. f7 b1=Q+ 64. Kg7 Qb7 65. Kg8 Qxg2+ 66. Kh7 Qf3 67. Kg7 Qg3+ 68. Kh7 Qf4 69. Kg7 Qg5+ 70. Kh7 Qf5+ 71. Kg7 Qd7 72. Kf6 Qd8+ 73. Kg7 Qg5+ 74. Kh7 Qf6 75. Kg8 Qg6+ 76. Kf8 Kb5 77. Ke7 Qe4+ 78. Kf6 Qf4+ 79. Kg7 Qg3+ 80. Kh7 Qf3 81. Kg7 Qb7 82. Kg8 Qd5 83. Kg7 Qf5 84. f8=Q Qg5+ 85. Kh7 Qh5+ 86. Kg7 Qg5+ 87. Kh7 Qh5+ 88. Kg7 Qg5+ 1/2-1/2


[Site "https://www.chess.com"]

[Event "Titled Tuesday Blitz December 06 Early 2022"]
[White "Vifleemskaia, Svetlana"]
[Black "Atakishiyev, Elmar"]
[WhiteFideId "4129490"]
[BlackFideId "13410547"]
[WhiteElo "1930"]
[BlackElo "2193"]
[Result "0-1"]
[Round "01"]
[TimeControl "180+1"]
[Date "2022.12.07"]
[WhiteClock "0:00:05"]
[BlackClock "0:01:05"]

1. d4 Nf6 2. c4 g6 3. Nc3 Bg7 4. e4 d6 5. Nge2 O-O 6. Ng3 h5 7. Bg5 c5 8. d5 Qa5 9. Qd2 Nbd7 10. Be2 a6 11. O-O Re8 12. a4 Rb8 13. Bh6 Bh8 14. Ra3 Ne5 15. f3 h4 16. Nh1 h3 17. g4 Qb4 18. Nf2 Nxc4 19. Bxc4 Qxc4 20. Nxh3 b5 21. axb5 axb5 22. Ra7 b4 23. Ne2 Ba6 24. Re1 Ra8 25. Rxa8 Rxa8 26. Be3 Qd3 27. Qxd3 Bxd3 28. Nc1 Bb5 29. Nb3 Nd7 30. Rb1 Ra2 31. Bc1 Ne5 32. Ra1 Rxa1 33. Nxa1 Nxf3+ 34. Kf2 Ne5 35. Kg3 Nd3 36. Bg5 Bxb2 37. Nb3 c4 38. Na5 Be5+ 39. Kf3 b3 40. Bc1 Nxc1 0-1


[Site "https://www.chess.com"]

[Event "Titled Tuesday Blitz December 06 Early 2022"]
[White "Wartiovaara, Oliver"]
[Black "Paravyan, David"]
[WhiteFideId "513024"]
[BlackFideId "4194985"]
[WhiteElo "2214"]
[BlackElo "2551"]
[Result "0-1"]
[Round "01"]
[TimeControl "180+1"]
[Date "2022.12.06"]
[WhiteClock "0:00:03"]
[BlackClock "0:01:36"]

1. d4 Nf6 2. c4 g6 3. Nf3 Bg7 4. g3 c6 5. Bg2 d5 6. O-O O-O 7. Ne5 dxc4 8. Nxc4 Be6 9. Ne5 Ng4 10. Nf3 c5 11. dxc5 Na6 12. c6 bxc6 13. Qc2 Nb4 14. Qa4 a5 15. Nc3 Qb6 16. h3 Ne5 17. Be3 Nxf3+ 18. Bxf3 Qa6 19. Kg2 Nd5 20. Nxd5 Bxd5 21. Bxd5 cxd5 22. Qc2 Rfc8 23. Qd2 d4 24. Bh6 Bxh6 25. Qxh6 Rc2 26. Rad1 e5 27. Rd2 Qb7+ 28. f3 Rac8 29. Rfd1 Qxb2 30. Rxc2 Rxc2 31. Kf1 Rxe2 32. Qc1 Rf2+ 0-1


[Site "https://www.chess.com"]

[Event "Titled Tuesday Blitz December 06 Early 2022"]
[White "Weetik, Vjacheslav"]
[Black "Hoffmann, Asa"]
[WhiteFideId "4153472"]
[BlackFideId "2001470"]
[WhiteElo "2469"]
[BlackElo "2117"]
[Result "1-0"]
[Round "01"]
[TimeControl "180+1"]
[Date "2022.12.07"]
[WhiteClock "0:00:08"]
[BlackClock "0:00:20"]

1. d4 Nf6 2. Nf3 d6 3. g3 c6 4. Bg2 h6 5. c4 Bf5 6. Nc3 Nbd7 7. O-O e5 8. Ne1 Be7 9. e4 Bh7 10. Nc2 O-O 11. Be3 Re8 12. d5 cxd5 13. cxd5 a6 14. a4 Rc8 15. a5 Nc5 16. f3 Nb3 17. Ra2 Nxa5 18. Bh3 Ra8 19. Qe2 b5 20. Nb4 Nc4 21. Bf2 Nd7 22. Rfa1 Nc5 23. Nc6 Qc7 24. Nxb5 axb5 25. Rxa8 Rxa8 26. Rxa8+ Bf8 27. b4 Na4 28. Rxa4 bxa4 29. Qxc4 a3 30. b5 Qb7 31. Qa4 Bg6 32. Qxa3 Qxb5 33. Bf1 Qb7 34. Qa7 Qxa7 35. Bxa7 f5 36. Bd3 fxe4 37. Bxe4 Bf7 38. Nd8 Be8 39. Bb8 Be7 40. Nb7 Kf7 41. Nxd6+ Bxd6 42. Bxd6 Bd7 43. Bxe5 g5 44. Kf2 Ke7 45. Ke3 Kf7 46. Kd4 Ke7 47. f4 Kf7 48. fxg5 hxg5 49. h4 g4 50. Bf4 Kf6 51. Bg5+ Kf7 52. Ke5 Be8 53. d6 Bd7 54. Bf5 1-0


[Site "https://www.chess.com"]